 Dungeon Sprint DCSS version 0.20.1-1-g8b1a95d (webtiles) character file.

4194 wojtek the Bludgeoner (level 10, -1/96 HPs)
             Began as a Minotaur Fighter on Dec 30, 2017.
             Was an Elder of Makhleb.
             Splashed by a jelly's acid (10 damage)
             ... in the Dungeon (Sprint I: "Red Sonja").
             The game lasted 00:03:28 (1720 turns).

wojtek the Bludgeoner (Minotaur Fighter)            Turns: 1720, Time: 00:03:30

Health: -1/96      AC: -11   Str: 24    XL:     10   Next: 8%
Magic:  15/15      EV: 11    Int:  5    God:    Makhleb [****..]
Gold:   758        SH: 12    Dex: 10    Spells: 9/9 levels left

rFire    . . .     SeeInvis .   a - +0 flail
rCold    . . .     Gourm    .   c - +0 shield
rNeg     + . .     Faith    .   m - +0 chain mail
rPois    .         Spirit   .   (helmet restricted)
rElec    .         Reflect  .   (no cloak)
rCorr    .         Harm     .   (no gloves)
MR       .....     NoTele   +   (no boots)
Stlth    ..........             (no amulet)
Regen    0.3/turn               n - ring of positive energy
MPRegen  0.2/turn               (no ring)

@: corroded
A: retaliatory headbutt, horns 2
a: Minor Destruction, Lesser Servant of Makhleb, Major Destruction, Renounce
Religion


You were in the Dungeon.
You worshipped Makhleb.
Makhleb was greatly pleased with you.
You were hungry.

You visited 1 branch You collected 758 gold pieces.

Inventory:

Hand Weapons
 a - a +0 flail (weapon)
Armour
 b - a +0 scale mail
 c - a +0 shield (worn)
 m - a +0 chain mail (worn)
Jewellery
 n - a ring of positive energy (left hand)
Wands
 l - a wand of flame (10/48)
 o - a wand of enslavement (5/24)
Scrolls
 k - a scroll of blinking
Potions
 d - a potion of might
 e - 3 potions of curing
 g - a potion of heal wounds
 h - a potion of haste
 i - 2 potions of magic
 j - a potion of invisibility {unknown}
Comestibles
 f - a bread ration


   Skills:
 + Level 11.4 Fighting
 * Level 15.0 Maces & Flails
 + Level 11.4 Armour
 + Level 9.1 Dodging
 + Level 11.3 Shields
 * Level 9.2 Invocations


You had 9 spell levels left.
You didn't know any spells.

Dungeon Overview and Level Annotations

Branches:
Dungeon (1/1)

Altars:
Cheibriados
Dithmenos
Elyvilon
Fedhas
Gozag
Hepliaklqana
Kikubaaqudgha
Makhleb
Nemelex Xobeh
Okawaru
Qazlal
Ru
Sif Muna
Trog
Uskayaw
Vehumet
Xom
Yredelemnul
Zin
The Shining One
Jiyva
Lugonu

Shops:
D }[


Innate Abilities, Weirdness & Mutations

You reflexively headbutt those who attack you in melee.
You have a pair of horns on your head.


Message History

Your orange demon stings the jelly from afar!
There is an open door here.
You thump the jelly!
You kill the jelly!
Makhleb accepts your kill.
There is an open door here.
You hit the jelly but do no damage.
Your hands burn!
* * * LOW HITPOINT WARNING * * *
You headbutt the jelly, but do no damage.
You block the jelly's attack.
Your orange demon stings the jelly.
Your orange demon is burned by acid!
Your orange demon hits the jelly.
Your orange demon is burned by acid!
You hit the jelly but do no damage. The acid corrodes you!
Your hands burn!
* * * LOW HITPOINT WARNING * * *
The jelly is heavily wounded.
The jelly hits you.
* * * LOW HITPOINT WARNING * * *
The acid corrodes you!
You are splashed with acid!
The acid burns!
You die...

.#..'..#__#..')..#
.').#..'..'..#...#
'#####'#__####...+
.#...#)####§§#####
##..##(#≈≈≈§.#..#
_##'#..§≈§≈§§§..#
..'..)§#§§§.§#§.#
_##_.#§##§#####'###
_###+#(#.[§.###.@4#
## ####§###(###J#
+.....'.∩##.#
###########§# #§#
.§# #++.######§#
#..§§J..§#.#
#...§.§.#§§#


You could see a jelly and a friendly orange demon.

Vanquished Creatures
  2 centaur warriors (D)
  A deep troll (D)
  An oklob plant (D)
  2 kobold demonologists (D)
  A hornet (D)
  A slime creature (D)
  Sigmund (D)
  2 redbacks (D)
  A yak (D)
  2 floating eyes (D)
  An ogre (D)
  7 jellies (D)
  Ijyb (D)
23 creatures vanquished.

Vanquished Creatures (others)
  A gargoyle (D)
1 creature vanquished.

Grand Total: 24 creatures vanquished

Notes
Turn   | Place    | Note
-------+----------+-------------------------------------------
     0 | D        | wojtek the Minotaur Fighter began the quest for the Orb.
     0 | D        | Reached XP level 1. HP: 19/19 MP: 0/0
     1 | D        | Noticed Ijyb
    12 | D        | Killed Ijyb
    12 | D        | Reached skill level 4 in Maces & Flails
    12 | D        | Reached XP level 2. HP: 10/28 MP: 1/1
   212 | D        | Noticed an ogre
   217 | D        | Killed an ogre
   217 | D        | Reached skill level 7 in Maces & Flails
   217 | D        | Reached XP level 3. HP: 37/37 MP: 2/2
   217 | D        | Reached XP level 4. HP: 44/44 MP: 3/3
   230 | D        | Noticed Sigmund
   242 | D        | Killed Sigmund
   242 | D        | Reached skill level 9 in Maces & Flails
   242 | D        | Reached XP level 5. HP: 34/52 MP: 4/4
   242 | D        | Reached XP level 6. HP: 40/60 MP: 5/5
   342 | D        | Found a burning altar of Makhleb.
   342 | D        | Found a viscous altar of Jiyva.
   342 | D        | Found a shimmering altar of Xom.
   342 | D        | Found a corrupted altar of Lugonu.
   342 | D        | Noticed a slime creature
   347 | D        | Killed a slime creature
   347 | D        | Reached skill level 10 in Maces & Flails
   350 | D        | Became a worshipper of Makhleb the Destroyer
   429 | D        | Found a deep blue altar of Sif Muna.
   431 | D        | Found a radiant altar of Vehumet.
   460 | D        | Found Huesuasi's Gadget Emporium.
   460 | D        | Found an ancient bone altar of Kikubaaqudgha.
   460 | D        | Found a hazy altar of Hepliaklqana.
   460 | D        | Found a stormy altar of Qazlal.
   460 | D        | Found a hide-covered altar of Uskayaw.
   460 | D        | Found a blossoming altar of Fedhas.
   460 | D        | Found a bloodstained altar of Trog.
   460 | D        | Found an iron altar of Okawaru.
   460 | D        | Found a basalt altar of Yredelemnul.
   460 | D        | Found a glowing golden altar of the Shining One.
   460 | D        | Found a snail-covered altar of Cheibriados.
   460 | D        | Found a sacrificial altar of Ru.
   460 | D        | Found a glowing silver altar of Zin.
   460 | D        | Found a shadowy altar of Dithmenos.
   460 | D        | Found a white marble altar of Elyvilon.
   460 | D        | Noticed a yak
   465 | D        | Killed a yak
   465 | D        | Reached skill level 11 in Maces & Flails
   465 | D        | Reached skill level 5 in Dodging
   465 | D        | Reached XP level 7. HP: 58/69 MP: 6/6
   466 | D        | Found an opulent altar of Gozag.
   467 | D        | Found a sparkling altar of Nemelex Xobeh.
   537 | D        | Noticed a kobold demonologist
   538 | D        | Noticed a kobold demonologist
   540 | D        | Reached * piety under Makhleb
   544 | D        | Noticed an ice devil
   548 | D        | Noticed an orange demon
   548 | D        | Killed a kobold demonologist
   548 | D        | Reached skill level 12 in Maces & Flails
   548 | D        | Reached XP level 8. HP: 78/78 MP: 6/9
   556 | D        | Killed a kobold demonologist
   710 | D        | Noticed a centaur warrior
   711 | D        | Noticed a centaur warrior
   727 | D        | Killed a centaur warrior
   727 | D        | Reached ** piety under Makhleb
   727 | D        | Reached skill level 10 in Fighting
   727 | D        | Reached skill level 13 in Maces & Flails
   727 | D        | Reached skill level 10 in Armour
   727 | D        | Reached skill level 10 in Shields
   732 | D        | Killed a centaur warrior
   732 | D        | Reached XP level 9. HP: 51/86 MP: 10/13
   944 | D        | Reached skill level 14 in Maces & Flails
  1002 | D        | Noticed a deep troll
  1008 | D        | Killed a deep troll
  1022 | D        | Found Ynkihyh's Armour Emporium.
  1086 | D        | Killed a gargoyle
  1278 | D        | Noticed an oklob plant
  1286 | D        | Killed an oklob plant
  1286 | D        | Reached *** piety under Makhleb
  1572 | D        | Reached XP level 10. HP: 91/96 MP: 15/15
  1676 | D        | Paralysed by a floating eye for 3 turns
  1691 | D        | Reached **** piety under Makhleb
  1712 | D        | Reached skill level 15 in Maces & Flails
  1720 | D        | Splashed by a jelly's acid

Skill      XL: |  1  2  3  4  5  6  7  8  9 10 |
---------------+-------------------------------+-----
Fighting       | 4 6 7 8 9 10 11 | 11.4
Maces & Flails | 4 7 9 11 12 13 14 15 | 15.0
Armour         | 4 6 7 8 9 10 11 | 11.4
Shields        | 4 6 7 8 9 10 11 | 11.3
Dodging        | 3 5 6 8 9 |  9.1
Invocations    | 3 7 9 |  9.2

Action                   |  1- 3 |  4- 6 |  7- 9 | 10-12 || total
-------------------------+-------+-------+-------+-------++-------
Melee: Flail             |    14 |    16 |    65 |    25 ||   120
       Headbutt          |     6 |     3 |    14 |     7 ||    30
Invok: Lesser Servant of |       |       |       |     1 ||     1
  Use: Potion            |       |       |     1 |       ||     1
  Eat: Chunk             |       |       |     1 |       ||     1
       Fruit             |       |       |       |     1 ||     1
Armor: Scale mail        |     3 |       |       |       ||     3
       Chain mail        |       |     3 |    24 |     1 ||    28
Dodge: Dodged            |     2 |     3 |    19 |     2 ||    26
Block: Shield            |     8 |     5 |    50 |     6 ||    69
